 Dungeon Crawl Stone Soup version 0.19-a0-1675-gc11f27c (webtiles) character file.

731 TheGoonsmith the Cleaver (level 7, -2/64 HPs)
             Began as a Hill Orc Fighter on Sept 23, 2016.
             Was an Initiate of Cheibriados.
             Slain by a centaur (4 damage)
             ... on level 5 of the Dungeon.
             The game lasted 00:06:02 (3949 turns).

TheGoonsmith the Cleaver (Hill Orc Fighter)         Turns: 3949, Time: 00:06:03

Health: -2/64      AC: 10    Str: 21    XL:     7   Next: 73%
Magic:  7/7        EV:  9    Int:  9    God:    Cheibriados [......]
Gold:   187        SH:  0    Dex: 12    Spells: 0 memorised, 6 levels left

rFire  . . .     SeeInvis .     a - +1 war axe
rCold  . . .     Gourm    .     b - +0 scale mail
rNeg   . . .     Faith    .     (no shield)
rPois  .         Spirit   .     (no helmet)
rElec  .         Dismiss  .     q - +0 cloak
rCorr  .         Reflect  .     (no gloves)
MR     .....     Harm     .     n - +1 pair of boots
Stlth  ..........               l - amulet of magic regeneration
                                (no ring)
                                (no ring)

@: very slow
A: no striking features
a: Bend Time, Renounce Religion


You were on level 5 of the Dungeon.
You worshipped Cheibriados.
Cheibriados was noncommittal.
You were not hungry.

You visited 1 branch of the dungeon, and saw 5 of its levels.

You collected 187 gold pieces.

Inventory:

Hand Weapons
 a - a +1 war axe (weapon)
Armour
 b - a +0 scale mail (worn)
 c - a +0 shield
 n - a +1 pair of boots (worn)
 q - a +0 cloak (worn)
 u - a +0 ring mail of fire resistance
Jewellery
 l - an amulet of magic regeneration (around neck)
Wands
 t - a wand of confusion (6/48)
 D - a wand of lightning (13/15)
Scrolls
 m - 2 scrolls of remove curse
Potions
 e - a potion of brilliance
 i - 2 potions of flight
 k - a potion of berserk rage
 r - a potion of lignification {unknown}
 w - a potion of degeneration {unknown}
Comestibles
 d - 4 chunks of flesh
 f - 5 bread rations
 g - 5 meat rations
 p - 2 slices of pizza
 z - a beef jerky
 A - 2 fruits


   Skills:
 + Level 6.7 Fighting
 * Level 9.2 Axes
 - Level 3.2 Armour
 - Level 3.2 Shields


You had 6 spell levels left.
You didn't know any spells.

Dungeon Overview and Level Annotations

Branches:
Dungeon (5/15)
 Temple: D:4-7

Altars:
Cheibriados
Hepliaklqana
Trog


Message History

You closely miss the centaur.
The centaur is moderately wounded.
The centaur hits you. The centaur hits you!
* * * LOW HITPOINT WARNING * * *
The centaur hits you.
* * * LOW HITPOINT WARNING * * *
A jelly comes into view.
Okay, then.
Okay, then.
You barely miss the centaur.
The centaur is moderately wounded.
The centaur hits you.
* * * LOW HITPOINT WARNING * * *
The centaur hits you!
* * * LOW HITPOINT WARNING * * *
Okay, then.
You slash the centaur!
The centaur is severely wounded.
The centaur hits you.
You die...

****,***,,##≈##.##≈##,,,*,,,*
*,*
,,,,,,*,,,,#≈#._.#≈#,,,,,,,,*
*,*
,,,,,,**,,##≈##.##≈##,,,*,***
*** ,,,,,,**,,#≈≈≈###≈≈≈#,..*,*
,,,,,,**,,#≈≈≈≈≈≈≈≈≈#,.#*>*
,,,,,,**,,#⌠≈≈#'#≈≈⌠#..#*,#
********..#####(#####..##.*
*******............J.....*
**,,,,,,...#.#..@#..#..#*,*
**,,,,,,,,,#,#.#c#.....#*,*
**,,,,,,,,,**#.#.......#*,*
***** ********,***
#.........#*,* *,,,, *
******,****#.#####...#*.##*,**[
*
*,,,,,,,,,...........#*...,,,#.
*
*,*****,*####.####...#*...,,,..
* *,*****,* *,* #...#*#.#*,.#.
* *,,,,,,,* *,* #...###.##..#.


You could see a centaur (berserk) and a jelly.

Vanquished Creatures
  Grinder (D:4)
  A phantom (D:4)
  2 orc wizards
  4 iguanas
  4 worker ants
  Ijyb (D:3)
  4 adders
  4 gnolls
  A shadow imp (D:5)
  An ooze (D:2)
  3 worms
  A dart slug (D:2)
  2 leopard geckos (D:4)
  6 orcs
  A ball python (D:3)
  2 giant cockroaches
  8 goblins
  5 hobgoblins
  3 quokkas
  5 bats
  2 frilled lizards (D:3)
  A jackal skeleton (D:4)
  6 kobolds
  9 rats
77 creatures vanquished.

Notes
Turn   | Place    | Note
-------+----------+-------------------------------------------
     0 | D:1      | TheGoonsmith the Hill Orc Fighter began the quest for the Orb.
     0 | D:1      | Reached XP level 1. HP: 19/19 MP: 1/1
   133 | D:1      | Reached skill level 3 in Axes
   255 | D:1      | Reached XP level 2. HP: 27/27 MP: 2/2
   642 | D:2      | Reached skill level 4 in Axes
   642 | D:2      | Reached XP level 3. HP: 21/33 MP: 3/3
  1243 | D:2      | Reached XP level 4. HP: 38/41 MP: 4/4
  1583 | D:2      | Reached skill level 5 in Axes
  1751 | D:2      | Found a bloodstained altar of Trog.
  1959 | D:3      | Noticed Ijyb
  1996 | D:3      | Killed Ijyb
  1996 | D:3      | Reached XP level 5. HP: 44/47 MP: 5/5
  2072 | D:3      | Reached skill level 5 in Fighting
  2072 | D:3      | Reached skill level 6 in Axes
  2876 | D:4      | Noticed Grinder
  2894 | D:4      | Reached XP level 6. HP: 34/56 MP: 6/6
  2896 | D:4      | Paralysed by Grinder for 4 turns
  2897 | D:4      | Noticed a phantom
  2910 | D:4      | HP: 2/56 [Grinder/nerve-wracking pain (13)]
  2918 | D:4      | Killed a phantom
  2918 | D:4      | Reached skill level 7 in Axes
  3168 | D:4      | Killed Grinder
  3168 | D:4      | Reached skill level 8 in Axes
  3168 | D:4      | Reached XP level 7. HP: 48/63 MP: 7/7
  3388 | D:4      | Found a hazy altar of Hepliaklqana.
  3510 | D:4      | Reached skill level 9 in Axes
  3725 | D:5      | Entered Level 5 of the Dungeon
  3900 | D:5      | Found a snail-covered altar of Cheibriados.
  3929 | D:5      | Became a worshipper of Cheibriados the Contemplative
  3948 | D:5      | HP: 2/64 [centaur (9)]
  3949 | D:5      | Slain by a centaur

Vault maps used:
D:1:      dpeg_arrival_simpleton_a
D:2:      trog_book
D:3:      first_bread, roderic_serpentine_path, uniq_iyjb
D:4:      nicolae_overflow_crystal_walls, minmay_vboxes, uniq_grinder
D:5:      old_standard_altar, cheibrodos_worm_habitat

Skill      XL: |  1  2  3  4  5  6  7 |
---------------+----------------------+-----
Axes           | 3 4 5 6 8 9 |  9.2
Fighting       | 4 5 6 |  6.7
Armour         | |  3.2
Shields        | |  3.2

Action                   |  1- 3 |  4- 6 |  7- 9 || total
-------------------------+-------+-------+-------++-------
Melee: War axe           |   106 |   152 |    84 ||   342
  Use: Potion            |     1 |     5 |       ||     6
       Scroll            |       |       |     9 ||     9
 Stab: Invisible         |       |     2 |       ||     2
  Eat: Chunk             |     1 |     7 |     2 ||    10
Armor: Scale mail        |    50 |    74 |    30 ||   154
Dodge: Dodged            |    66 |    80 |    40 ||   186
